Map: Arctic Dream LE

Players

BlejdO - Winner!

  • Race: Zerg Zerg
  • League: Diamond
  • Spawn Location: 12:00

Ravager - Winner!

  • Race: Zerg Zerg
  • League: Diamond
  • Spawn Location: 11:00

qqq

  • Race: Zerg Zerg
  • League: Platinum
  • Spawn Location: 6:00

Massa

  • Race: Terran Terran
  • League: Platinum
  • Spawn Location: 5:00

VOD

Have the link to the VOD?

Description

Time

  • Played on: Sept. 7, 2020, 2:48 p.m.
  • Length: 4:53
Show
View Real Time Build Order
Export as new Build Order

BlejdO Zerg - Winner!

Build Orders: Hatch First 

Get SALT Encoding   

  12  0:00  Drone  
  13  0:11  Drone  
  14  0:18  Overlord  
  14  0:39  Drone x2  
  16  0:43  Drone  
  17  1:04  Extractor  
  16  1:06  Drone x2  
  18  1:12  Hatchery  
  17  1:21  Spawning Pool  
  17  1:23  Drone  
  17  1:28  Drone  
  18  1:38  Drone  
  19  1:50  Drone  
  20  1:59  Overlord  
  20  2:08  Queen  
  22  2:09  Metabolic Boost  
  22  2:18  Zergling x2  
  22  2:22  Zergling x2  
  24  2:25  Queen  
  24  2:27  Zergling x2  
  27  2:31  Zergling x2  
  28  2:51  Zergling x2  
  28  2:52  Zergling x4  
  28  2:57  Drone  
  32  3:13  Zergling x2  
  32  3:14  Zergling x6  
  36  3:29  Overlord x3  
  36  3:38  Spine Crawler  
  36  3:40  Spore Crawler  
  36  3:41  Spine Crawler, Zergling x2  
  35  3:45  Zergling x2  
  35  3:50  Zergling x4  
  37  4:08  Zergling x12  
  41  4:14  Queen  
  41  4:16  Zergling x2  
  40  4:31  Zergling x6  
Show
View Real Time Build Order
Export as new Build Order

Ravager Zerg - Winner!

Build Orders: Hatch First 

Get SALT Encoding   

  12  0:00  Drone  
  13  0:12  Overlord  
  13  0:21  Drone  
  14  0:32  Drone  
  14  0:34  Drone  
  16  0:39  Drone  
  17  0:55  Hatchery  
  16  0:57  Drone  
  16  0:59  Drone  
  18  1:13  Extractor  
  18  1:17  Spawning Pool  
  18  1:18  Drone  
  17  1:21  Drone  
  18  1:30  Drone  
  19  1:45  Overlord  
  19  2:05  Drone x2  
  21  2:14  Metabolic Boost  
  21  2:16  Queen x2  
  21  2:19  Zergling x6  
  28  2:36  Baneling Nest  
  27  2:40  Zergling x8  
  31  2:44  Overlord  
  31  2:57  Queen  
  33  3:13  Zergling x10  
  38  3:20  Baneling  
  38  3:21  Baneling x4  
  38  3:38  Zergling x2  
  38  3:39  Zergling x10  
  44  3:46  Overlord  
  32  4:31  Zergling x2  
  32  4:32  Zergling x16  
Show
View Real Time Build Order
Export as new Build Order

qqq Zerg 

Build Orders: Hatch First 

Get SALT Encoding   

  12  0:01  Drone  
  13  0:09  Drone  
  14  0:34  Hatchery  
  13  0:45  Overlord  
  13  0:46  Drone  
  14  0:52  Extractor  
  14  0:53  Drone  
  14  1:03  Drone  
  15  1:12  Drone  
  16  1:18  Drone  
  17  1:30  Spawning Pool  
  17  1:31  Drone  
  17  1:45  Drone  
  18  1:48  Drone  
  18  1:51  Drone  
  20  1:59  Drone  
  21  2:01  Drone  
  22  2:17  Drone  
  22  2:18  Overlord  
  22  2:19  Queen  
  22  2:20  Metabolic Boost  
  26  2:22  Drone  
  26  2:25  Zergling x2  
  27  2:36  Zergling x2  
  28  2:37  Drone  
  29  2:46  Drone, Zergling x2  
  31  2:55  Drone  
  31  2:56  Zergling x2  
  33  2:59  Queen  
  33  3:03  Drone  
  36  3:20  Hatchery  
  36  3:22  Roach Warren  
  36  3:23  Drone, Baneling Nest  
  36  3:26  Zergling x2  
  35  3:34  Overlord  
  35  3:35  Overlord  
  35  3:41  Overlord  
  34  3:51  Spine Crawler  
  34  3:53  Zergling x4  
  34  3:54  Zergling x4  
  37  4:06  Spine Crawler  
  37  4:09  Zergling x2  
  34  4:10  Zergling x4  
  34  4:15  Zergling x2  
  10  4:26  Drone  
Show
View Real Time Build Order
Export as new Build Order

Massa Terran 

Build Orders: Hellion Opening 

Get SALT Encoding   

  12  0:00  SCV  
  13  0:12  SCV  
  14  0:17  Supply Depot  
  14  0:24  SCV  
  15  0:31  Refinery  
  15  0:41  Barracks  
  15  0:44  SCV  
  16  0:56  SCV  
  17  1:10  SCV  
  18  1:14  Supply Depot  
  18  1:22  SCV  
  19  1:28  Reaper  
  20  1:35  Orbital Command  
  20  1:37  Refinery  
  20  1:56  Factory  
  20  2:00  Marine  
  21  2:06  SCV  
  22  2:17  Command Center  
  22  2:20  SCV  
  23  2:24  Barracks Reactor  
  23  3:01  Starport  
  23  3:10  Hellion  
  23  3:11  Hellion  
  27  3:12  Barracks Tech Lab  
  27  3:18  Barracks  
  27  3:19  SCV  
  28  3:31  SCV  
  28  3:32  Hellion x2  
  33  3:42  Marine  
  33  3:43  SCV  
  35  3:49  Orbital Command  
  35  3:53  Hellion x2  
  35  3:55  SCV  
  40  3:59  Viking  
  42  4:24  Hellion x2  
Tags
 
Add a new tag
Caveats
  • Supply blocks, unpowered buildings, or Contaminate may cause inaccurate times.
  • Supply counts are checked every 10 seconds.